 Dungeon Crawl Stone Soup version 0.19-a0-1532-g228a5d9 (webtiles) character file.

439978 junb69 the Earth Mage (level 22, -4/185 HPs)
             Began as a Demigod Conjurer on Sept 11, 2016.
             Slain by a vampire knight
             ... wielding a +0 great sword
              (26 damage)
             ... while paralysed by a vampire knight
             ... on level 2 of the Depths on Sept 13, 2016.
             The game lasted 06:23:02 (93302 turns).

junb69 the Earth Mage (Demigod Conjurer)           Turns: 93302, Time: 06:23:03

Health: -4/185     AC: 13    Str: 10    XL:     22   Next: 0%
Magic:  58/58      EV:  2    Int: 48    God:
Gold:   1166       SH:  0    Dex: 22    Spells: 9 memorised, 2 levels left

rFire  . . .     SeeInvis +     z - +2 rapier "Banisher" {flame, +Inv rC+ Int+7 SInv}
rCold  + + +     Gourm    .     Y - +1 leather armour of Hopscotch {rPois Regen+ Str+3 Int+4}
rNeg   + . .     Faith    .     M - +2 buckler
rPois  +         Spirit   .     k - -1 hat of Qejar {rElec rC+}
rElec  +         Dismiss  .     P - +2 cloak of Pragmatism {+Fly rCorr Str-4 Stlth+}
rCorr  +         Reflect  .     l - +2 pair of gloves
MR     ++...     Harm     .     y - +2 pair of boots {run}
Stlth  ++++......               p - macabre finger necklace {rN+}
                                I - ring of protection from fire
                                C - ring of Attitude {Wiz rPois rF- Int+4 Dex+4}
                                Q - ring of magical power

@: paralysed, studying Armour, deflect missiles, quick
A: agile 1, cold resistance 1, high mp 1
a: Evoke Invisibility, Evoke Flight
}: 2/15 runes: barnacled, gossamer


You were on level 2 of the Depths.
You were not hungry.

You visited 9 branches of the dungeon, and saw 42 of its levels.
You also visited: Desolation.

You collected 5139 gold pieces.
You spent 3973 gold pieces at shops.

Inventory:

Hand Weapons
 z - the +2 rapier "Banisher" (weapon) {flame, +Inv rC+ Int+7 SInv}
   (You bought it in a shop on level 1 of the Vaults)

   It has been specially enchanted to burn those struck by it, causing extra
   injury to most foes and up to half again as much damage against particularly
   susceptible opponents.
   It affects your intelligence (+7).
   It protects you from cold.
   It lets you see invisible.
   It lets you turn invisible.
Armour
 k - the -1 hat of Qejar (worn) {rElec rC+}
   (You bought it in a shop on level 2 of the Orcish Mines)

   It protects you from cold.
   It insulates you from electricity.
 l - a +2 pair of gloves (worn)
 y - a +2 pair of boots of running (worn)
 D - the quicksilver dragon armour of Beyond {rF+ MR+}
   (You bought it in a shop on level 7 of the Dungeon)

   It protects you from fire.
   It affects your resistance to hostile enchantments.
 M - a +2 buckler (worn)
 P - the +2 cloak of Pragmatism (worn) {+Fly rCorr Str-4 Stlth+}
   (You found it on level 1 of the Lair of Beasts)

   It affects your strength (-4).
   It lets you fly.
   It protects you from acid and corrosion.
   It makes you more stealthy.
 Y - the +1 leather armour of Hopscotch (worn) {rPois Regen+ Str+3 Int+4}
   (You bought it in a shop on level 2 of the Orcish Mines)

   It affects your strength (+3).
   It affects your intelligence (+4).
   It protects you from poison.
   It increases your rate of regeneration.
Magical Staves
 W - an uncursed staff of power
Jewellery
 e - a +3 ring of intelligence
 p - the macabre finger necklace (around neck) {rN+}
   (You found it on level 11 of the Dungeon)

   [amulet of nothing]

   It protects you from negative energy.
 r - an uncursed ring of protection from magic
 x - the amulet of Vitality {Regen+ HP+15}
   (You found it on level 3 of the Vaults)

   [amulet of regeneration]

   It affects your health (+15).
   It increases your rate of regeneration.
 C - the ring of Attitude (left hand) {Wiz rPois rF- Int+4 Dex+4}
   (You acquired it on level 2 of the Depths)

   [ring of wizardry]

   It improves your spell success rate.
   It affects your intelligence (+4).
   It affects your dexterity (+4).
   It makes you vulnerable to fire.
   It protects you from poison.
 F - an uncursed ring of resist corrosion
 I - a ring of protection from fire (right hand)
 Q - a ring of magical power (on amulet)
Wands
 b - a wand of digging (15/24)
 v - a wand of heal wounds (3/9)
 B - a wand of disintegration (14/24)
Scrolls
 d - 6 scrolls of immolation
 i - 5 scrolls of identify
 q - 6 scrolls of amnesia
 t - 6 scrolls of magic mapping
 u - 2 scrolls of fog
 w - 9 scrolls of enchant weapon
 A - a scroll of teleportation
 E - a scroll of holy word
 N - 15 scrolls of remove curse
 O - a scroll of fear
 R - 9 scrolls of recharging
Potions
 a - 3 potions of berserk rage
 f - 13 potions of curing
 g - a potion of heal wounds
 h - 3 potions of lignification
 j - 8 potions of might
 m - 6 potions of brilliance
 s - 3 potions of agility
 G - 9 potions of cancellation
 H - 6 potions of haste
 J - 5 potions of flight
Books
 n - a manual of
Armour
 K - a book of the Earth

   Spells                             Type                      Level
   a - Leda's Liquefaction            Hexes/Earth                  4
   b - Bolt of Magma                  Conjuration/Fire/Earth       5
   c - Statue Form                    Transmutation/Earth          6
   d - Iron Shot                      Conjuration/Earth            6
   e - Shatter                        Earth                        9
Comestibles
 c - 11 bread rations
 o - 11 meat rations


   Skills:
 - Level 13.3 Fighting
   Level 3.1 Maces & Flails
 - Level 6.5 Armour
 - Level 11.4 Dodging
 - Level 6.0 Stealth
 - Level 5.1 Shields
 * Level 16.9 Spellcasting
 * Level 13.2 Conjurations
 - Level 5.8 Charms
 - Level 8.3 Summonings
   Level 5.3 Transmutations
 - Level 6.3 Ice Magic
 - Level 6.2 Air Magic
 - Level 20.1 Earth Magic


You had 2 spell levels left.
You knew the following spells:

 Your Spells              Type           Power        Failure   Level  Hunger
a - Magic Dart            Conj           ####         0%          1    None
b - Shadow Creatures      Summ           N/A          1%          6    None
c - Iskenderun's Battles  Conj/Chrm      #######.     1%          5    None
d - Iron Shot             Conj/Erth      ########..   1%          6    None
e - Haste                 Chrm           #######.     4%          6    None
f - Shatter               Erth           ########..   6%          9    ####...
g - Freezing Cloud        Conj/Ice/Air   #######...   1%          6    None
h - Deflect Missiles      Chrm/Air       #######...   4%          6    None
i - Spellforged Servitor  Conj/Summ      #######...   3%          7    None


Dungeon Overview and Level Annotations

Branches:
Dungeon (15/15)            Temple (1/1) D:7            Lair (6/6) D:8
 Shoals (4/4) Lair:3       Spider (4/4) Lair:4        Slime (0/5) Lair:6
    Orc (2/2) D:11            Elf (3/3) Orc:2        Vaults (4/5) D:14
  Crypt (0/3) Vaults:2     Depths (3/5) D:15

Shops:
D:4 }   D:7 *?[(   D:14 (   Orc:2 ***[=(   Elf:2 (   Vaults:1 *(?(!
Vaults:3 [

Portals:
Hell: Depths:1 Depths:2
Pandemonium: Depths:2
Trove: Elf:2 (give 17 scrolls of identify)

Annotations:
D:3 Grinder
D:9 exclusion: slime creature
Lair:1 1 exclusion
Elf:2 3 runed doors


Innate Abilities, Weirdness & Mutations

You have an increased reservoir of magic. (+10% MP)
You are agile. (Dex +2)
Your flesh is cold resistant. (rC+)


Message History

Your tengu conjurer barely misses the vampire knight.
The vampire knight casts a spell.
The vampire knight flickers and vanishes for a moment.
Your tengu warrior hits the ettin from afar with a halberd of protection!
Your tengu warrior hits the ettin with a dire flail!
Your tengu warrior pecks the ettin.
Your tengu warrior claws the ettin.
The vampire knight hits you with a great sword!!
* * * LOW HITPOINT WARNING * * *
The vampire knight bites you but does no damage.
Your frost giant hits the ettin with a battleaxe of freezing!!!
Your frost giant freezes the ettin.
The ettin dies!
Your tengu conjurer barely misses the vampire knight.
Your tengu conjurer closely misses the vampire knight.
Your tengu conjurer claws the vampire knight but does no damage.
The vampire knight hits you with a great sword!
* * * LOW HITPOINT WARNING * * *
The vampire knight bites you but does no damage.
The vampire knight hits you with a great sword!!
You die...

#..........######.#.#
#......(...'......#.#
#...(.(....########'########
##...........................
#......>..).#................
#####.....QQC#...#.............
#.#..##..(..Q#...#.............
#.#....##...#V....#........#.##
#..#.....##.#.@...#........#.#.
##.#..#.........#..#.......#.#.
####..#.....#.##.....#.......#.#.
......#.....#...##....#.######.#.
.......#...#..#...##..#.# #.#.
#####..#...#.####...##.## #.#.
≈≈###...#.#.......#....#######.#.
≈≈###..#.....###.#####.......#.##
≈≈###..'.(.......#######.#####...


You could see a vampire knight (invisible), a friendly frost giant, 2 friendly
tengu warriors and a friendly tengu conjurer.

Vanquished Creatures
  Margery (Depths:1)
  Bai Suzhen (Spider:4)
  Arachne (Spider:2)
  3 liches
  The ghost of PeterLawrence the Warrior, an adept MiFi of Okawaru (Spider:3)
  2 deep elf blademasters (Elf:3)
  4 deep elf master archers (Elf:3)
  Polyphemus (Shoals:4)
  2 sphinxes
  Donald (Spider:2)
  A kraken (Shoals:1)
  Kirke (Shoals:1)
  Roxanne (Shoals:4)
  A storm dragon (Depths:3)
  A tengu reaver (Depths:3)
  2 fire giants
  A frost giant (Vaults:3)
  An iron dragon (Depths:2)
  An imperial myrmidon (Desolation)
  Aizul (Spider:2)
  9 deep elf sorcerers
  4 emperor scorpions
  A curse skull (Vaults:2)
  4 ghost moths
  Louise (Spider:1)
  3 orc warlords
  3 deep elf elementalists (Elf:3)
  7 ironheart preservers
  5 vault wardens
  4 very ugly things
  15 stone giants
  A spriggan defender (Depths:3)
  A reaper (Depths:2)
  5 entropy weavers
  9 deep elf annihilators
  A war gargoyle (Vaults:4)
  Azrael (Spider:3)
  2 deep elf demonologists (Elf:3)
  A dire elephant (D:15)
  7 spark wasps
  8 deep elf death magi
  10 ettins
  7 merfolk javelineers
  Snorg (Orc:1)
  5 yaktaur captains
  9 merfolk impalers
  A deep elf high priest (Elf:3)
  6 fire dragons
  5 ogre magi
  7 mummy priests (Depths:2)
  Fannar (Lair:1)
  Josephine (Shoals:1)
  8 vault guards
  5 rakshasas
  Harold (Lair:1)
  6 great orbs of eyes
  3 ice dragons
  A peacekeeper (Desolation)
  A spriggan air mage (Depths:3)
  9 hydras
  2 catoblepae
  12 centaur warriors
  7 merfolk avatars
  4 death knights
  2 death yaks (Shoals:4)
  11 merfolk aquamancers
  3 tengu warriors
  2 satyrs
  18 dancing weapons
  A vampire mage (Vaults:2)
  5 deep troll earth magi
  5 deep troll shamans
  2 spriggan berserkers (Depths:3)
  6 orc high priests
  20 deep elf knights
  Sonja (Orc:2)
  A fire crab (Lair:6)
  3 skeletal warriors (Vaults:2)
  10 sea snakes
  4 hell knights
  A large abomination (Elf:1)
  4 unseen horrors
  3 giant orange brains
  An unseen horror (shapeshifter) (Vaults:4)
  A gelid demonspawn (Depths:2)
  15 deep trolls
  A kraken simulacrum (Shoals:4)
  22 deep elf archers
  An obsidian statue (D:11)
  2 wolf spider zombies
  28 harpies
  23 ironbrand convokers
  4 phantasmal warriors
  10 hill giants
  4 necromancers
  2 wizards
  15 ugly things
  59 deep elf magi
  15 hornets
  4 oklob plants
  16 orb spiders
  5 fauns
  15 orc knights
  45 wolf spiders
  6 orc sorcerers
  14 griffons
  12 sirens
  3 moths of wrath
  12 manticores
  12 elephants (Lair:5)
  12 cyclopes
  A guardian serpent (shapeshifter) (Vaults:1)
  A rust devil (Depths:2)
  3 centaur zombies
  2 torpor snails
  5 black mambas
  2 guardian serpents (Desolation)
  2 gargoyles
  5 vault sentinels
  A molten gargoyle (Desolation)
  11 water nymphs
  9 spiny frogs
  5 centaur skeletons
  A kobold demonologist (D:14)
  A rime drake (Lair:2)
  A komodo dragon (shapeshifter) (Vaults:2)
  9 komodo dragons
  9 demonic crawlers
  A hellwing (Depths:2)
  31 yaktaurs
  5 freezing wraiths
  3 tengu conjurers
  A queen bee (shapeshifter) (Vaults:1)
  2 guardian mummies (Depths:2)
  A red devil (Depths:2)
  10 trolls
  22 merfolk
  A jumping spider (shapeshifter) (Vaults:1)
  5 polar bears (Lair:6)
  A polar bear (shapeshifter) (Vaults:3)
  32 jumping spiders
  7 saltlings (Desolation)
  5 boulder beetles
  3 wind drakes
  5 blink frogs (Lair:2)
  12 slime creatures
  13 two-headed ogres
  4 dream sheep
  8 snapping turtles
  A stone giant simulacrum (Vaults:3)
  7 air elementals
  A flying skull (Vaults:2)
  2 shadows
  Sigmund (D:2)
  87 redbacks
  10 wraiths
  22 water elementals
  11 spriggans (Lair:6)
  29 tarantellas
  2 vampires
  A wyvern (Lair:2)
  A human (Shoals:1)
  26 yaks
  2 hungry ghosts
  4 basilisks
  7 fire elementals
  5 hogs (Shoals:1)
  17 hippogriffs
  12 wargs
  4 mottled dragons
  14 water moccasins
  A soldier ant (D:15)
  2 soldier ants (shapeshifter)
  8 porcupines
  3 hell hounds (Spider:3)
  Duvessa (D:6)
  4 sky beasts
  53 orc warriors
  An ice beast (shapeshifter) (D:14)
  16 ice beasts
  2 phantoms
  3 wasps (Lair:6)
  5 black bears
  The ghost of Johnny the Cutter, an amateur DgGl (D:3)
  42 ogres
  An eye of draining (D:14)
  An eye of draining (shapeshifter) (D:11)
  A necrophage (D:11)
  30 wolves
  18 boggarts
  11 crocodiles
  30 centaurs
  2 big kobolds
  2 elf simulacra (Vaults:1)
  2 elf zombies (Elf:1)
  A giant frog (shapeshifter) (Vaults:1)
  19 giant frogs
  A gnoll sergeant (Orc:1)
  6 earth elementals
  Dowan (D:6)
  2 scorpions
  3 wights (D:14)
  6 killer bees (D:11)
  10 howler monkeys
  4 electric eels
  8 crimson imps
  A giant frog zombie (D:11)
  3 quasits
  21 jellies
  5 giant frog skeletons
  10 hounds
  27 orc priests
  A gnoll shaman (Orc:2)
  43 orc wizards
  Jessica (D:2)
  Terence (D:1)
  13 worker ants
  Ijyb (D:3)
  20 iguanas
  A hound skeleton (D:9)
  A mummy (Depths:2)
  4 worker ant zombies
  A howler monkey zombie (D:7)
  25 gnolls
  2 howler monkey skeletons
  12 adders
  44 river rats
  3 shadow imps
  4 oozes
  2 adder skeletons
  A worm (D:3)
  A dart slug (D:1)
  5 giant geckos
  152 orcs
  3 giant cockroaches
  10 goblins
  4 hobgoblins
  10 jackals
  12 kobolds
  9 quokkas
  2 ball pythons
  4 bats
  4 giant newts
  A jackal skeleton (D:5)
  A quokka zombie (D:9)
  11 rats
  A pillar of salt (Vaults:1)
  4 plants
  4 tentacles
1985 creatures vanquished.

Vanquished Creatures (collateral kills)
  Ilsuiw (Shoals:4)
  3 vault wardens
  A spriggan defender (Depths:3)
  A ghoul (Vaults:1)
  7 ironheart preservers
  2 very ugly things
  4 stone giants
  A war gargoyle (Vaults:3)
  A vampire knight (Depths:3)
  2 deep elf annihilators
  A deep elf demonologist (Vaults:4)
  2 spark wasps (Depths:1)
  An ettin (Depths:2)
  A merfolk javelineer (Shoals:4)
  A merfolk impaler (Shoals:4)
  A great orb of eyes (Depths:1)
  3 ogre magi
  2 ice dragons
  2 vault guards (Vaults:4)
  A centaur warrior (Depths:1)
  2 deep troll shamans
  A merfolk aquamancer (Shoals:4)
  A death yak (Shoals:4)
  A death knight (Vaults:2)
  5 hell knights
  A spriggan berserker (Depths:3)
  A deep elf knight (Vaults:4)
  2 skeletal warriors
  2 sea snakes (Shoals:4)
  6 deep trolls
  2 wizards (Vaults:2)
  A phantasmal warrior (Depths:2)
  An orc knight (Vaults:1)
  An ironbrand convoker (Vaults:1)
  2 harpies
  5 ugly things
  A manticore (Shoals:4)
  3 vault sentinels
  A yaktaur (shapeshifter) (Depths:1)
  A guardian mummy (Depths:2)
  4 yaktaurs
  2 merfolk (Shoals:4)
  7 slime creatures
  3 two-headed ogres
  A raiju (shapeshifter) (Vaults:4)
  3 water elementals (Shoals:4)
  A wraith (Vaults:3)
  2 orc warriors (Vaults:4)
  7 ogres
  An orc priest (Vaults:1)
  2 orcs
111 creatures vanquished.

Vanquished Creatures (others)
  A deep elf knight (Elf:2)
  Pikel (D:5)
  A komodo dragon (D:8)
  A snapping turtle (Shoals:3)
  2 slaves (D:5)
  A crocodile (Lair:3)
  A centaur skeleton (D:5)
  An orc (D:5)
  24 fungi
  12 pillars of salt (Vaults:1)
  52 plants
  8 tentacles
105 creatures vanquished.

Grand Total: 2201 creatures vanquished

Notes
Turn   | Place    | Note
-------+----------+-------------------------------------------
     0 | D:1      | junb69 the Demigod Conjurer began the quest for the Orb.
     0 | D:1      | Reached XP level 1. HP: 14/14 MP: 5/5
   408 | D:1      | Reached XP level 2. HP: 20/20 MP: 1/7
   932 | D:1      | Learned a level 2 spell: Searing Ray
  1193 | D:1      | Reached XP level 3. HP: 26/26 MP: 1/8
  1653 | D:2      | Noticed Terence
  1707 | D:1      | Killed Terence
  1810 | D:2      | Noticed Jessica
  1819 | D:2      | Killed Jessica
  1819 | D:2      | Reached skill level 5 in Conjurations
  1819 | D:2      | Reached XP level 4. HP: 33/33 MP: 2/10
  2139 | D:2      | Found a faded altar of an unknown god.
  2199 | D:2      | Noticed Sigmund
  2495 | D:1      | Reached XP level 5. HP: 38/38 MP: 9/12
  2646 | D:2      | Killed Sigmund
  2646 | D:2      | Reached XP level 6. HP: 24/45 MP: 4/14
  3082 | D:2      | Learned a level 5 spell: Iskenderun's Battlesphere
  3191 | D:3      | Noticed Johnny's ghost (amateur DgGl)
  3342 | D:3      | Noticed Ijyb
  3352 | D:3      | Killed Ijyb
  3468 | D:3      | Noticed Grinder
  3500 | D:3      | Reached skill level 1 in Charms
  3753 | D:3      | Killed Johnny's ghost
  4699 | D:4      | Reached XP level 7. HP: 47/50 MP: 5/17
  4817 | D:4      | Got a translucent flail
  5117 | D:4      | Found Ludule's Gadget Shoppe.
  5677 | D:5      | Entered Level 5 of the Dungeon
  5708 | D:5      | Noticed Pikel
  6060 | D:5      | Killed Pikel
  7105 | D:6      | Reached XP level 8. HP: 57/57 MP: 11/18
  7146 | D:6      | Noticed Duvessa
  7146 | D:6      | Noticed Dowan
  7152 | D:6      | Killed Duvessa
  7156 | D:6      | Killed Dowan
  7156 | D:6      | Reached skill level 5 in Charms
  7275 | D:6      | Found a glowing silver altar of Zin.
  8289 | D:6      | Identified the +7 flail of the Evil Eye {freeze, Str+2} (You found it on level 4 of the Dungeon)
  8417 | D:6      | Reached skill level 5 in Spellcasting
  8486 | D:7      | Found Pogaudiu's Antique Armour Shop.
  8497 | D:7      | Found Zentuec's General Store.
  8506 | D:7      | Bought a scroll of remove curse for 45 gold pieces
  8513 | D:7      | Found Gashod's Magic Scroll Boutique.
  8536 | D:7      | Found a staircase to the Ecumenical Temple.
  8556 | Temple   | Entered the Ecumenical Temple
  8808 | D:7      | Found Suonuare's Antique Weapon Boutique.
  9353 | D:7      | Reached XP level 9. HP: 57/62 MP: 11/21
  9547 | D:7      | Bought a scroll of identify for 26 gold pieces
  9547 | D:7      | Bought a scroll of identify for 26 gold pieces
  9547 | D:7      | Bought a scroll of identify for 26 gold pieces
  9547 | D:7      | Bought a scroll of identify for 26 gold pieces
 10123 | D:8      | Found a staircase to the Lair.
 11171 | D:8      | Found a roughly hewn altar of Beogh.
 11777 | D:9      | Reached skill level 1 in Armour
 11779 | D:9      | Reached skill level 1 in Fighting
 12636 | Lair:1   | Entered Level 1 of the Lair of Beasts
 12636 | Lair:1   | Noticed Fannar
 12636 | Lair:1   | Noticed a spiny frog
 12679 | D:10     | Entered Level 10 of the Dungeon
 12692 | D:10     | Reached XP level 10. HP: 73/73 MP: 16/24
 13056 | D:10     | Noticed a hill giant
 13061 | D:10     | Killed a hill giant
 13302 | D:10     | Noticed a hill giant
 13308 | D:10     | Noticed a griffon
 13314 | D:10     | Killed a hill giant
 13318 | D:10     | Killed a griffon
 13659 | D:11     | Noticed an oklob plant
 13727 | D:11     | Noticed an obsidian statue
 13868 | D:11     | Killed an unseen horror
 14033 | D:11     | Reached skill level 5 in Fighting
 14455 | D:11     | Reached XP level 11. HP: 88/88 MP: 17/26
 14711 | D:11     | Got an ominously black robe
 14726 | D:11     | Identified the +2 robe of Generosity {Str+5 Int+4} (You found it on level 11 of the Dungeon)
 14771 | D:11     | Reached skill level 10 in Conjurations
 14778 | D:11     | Noticed a tengu warrior
 14884 | D:11     | Noticed a five-headed hydra
 15164 | D:11     | Killed an unseen horror
 15263 | D:11     | Noticed a hill giant
 15301 | D:11     | Killed a hill giant
 15692 | D:11     | Killed a tengu warrior
 15821 | D:11     | Killed a five-headed hydra
 15901 | D:11     | Killed an unseen horror
 15932 | D:11     | Got a shimmering bardiche
 15933 | D:11     | Identified the +4 bardiche of Bodily Harmony {chop, Str+9 Int-3 Dex-2 Stlth+} (You found it on level 11 of the Dungeon)
 16131 | D:11     | Found a staircase to the Orcish Mines.
 16706 | D:11     | Noticed a sun demon
 16733 | D:11     | Noticed a hill giant
 16740 | D:11     | Killed a hill giant
 16949 | D:7      | Bought an ancient dire flail for 198 gold pieces
 16950 | D:7      | Identified the cursed +0 dire flail of Evisceration {venom, +Blink rC+ Dex+3} (You bought it in a shop on level 7 of the Dungeon)
 17031 | Lair:1   | Killed Fannar
 17311 | Lair:1   | Found a hazy altar of Hepliaklqana.
 17322 | Lair:1   | Noticed Harold
 17852 | Lair:1   | Killed Harold
 17882 | Lair:1   | Got a jewelled cloak
 17888 | Lair:1   | Identified the +2 cloak of Pragmatism {+Fly rCorr Str-4 Stlth+} (You found it on level 1 of the Lair of Beasts)
 18054 | D:11     | Reached XP level 12. HP: 100/100 MP: 19/30
 18101 | Orc:1    | Entered Level 1 of the Orcish Mines
 18746 | Lair:1   | Reached skill level 10 in Spellcasting
 21050 | Lair:3   | Reached skill level 5 in Dodging
 21155 | Lair:3   | Found a staircase to the Shoals.
 21169 | Lair:3   | Found a frozen archway.
 21398 | Lair:3   | Noticed a five-headed hydra
 21403 | Lair:3   | Killed a five-headed hydra
 21635 | Lair:3   | Got a dazzling leather armour
 21775 | Lair:3   | Noticed an eight-headed hydra
 21782 | Lair:3   | Killed an eight-headed hydra
 21782 | Lair:3   | Reached skill level 1 in Maces & Flails
 22646 | Lair:3   | Identified the +1 leather armour "Wieta" {Str+4 Int+4 Dex-4 Stlth+} (You found it on level 3 of the Lair of Beasts)
 22820 | Lair:3   | Noticed a seven-headed hydra
 22825 | Lair:3   | Killed a seven-headed hydra
 23014 | Lair:4   | Found a hole to the Spider Nest.
 23152 | Lair:4   | Found a glowing golden altar of the Shining One.
 23703 | Lair:5   | Reached XP level 13. HP: 99/108 MP: 18/33
 23729 | Lair:5   | Got a slimy war axe
 23731 | Lair:5   | Identified the +5 war axe "Loffuze" {venom, *Contam *Drain rN+++ SInv} (You found it on level 5 of the Lair of Beasts)
 26696 | Orc:1    | Found a shimmering altar of Xom.
 26703 | Orc:1    | Noticed an orc warlord
 29126 | Orc:2    | Entered Level 2 of the Orcish Mines
 29126 | Orc:2    | Found Nobiug's Assorted Antiques.
 29126 | Orc:2    | Found Otom's General Store.
 29126 | Orc:2    | Noticed Sonja
 29126 | Orc:2    | Noticed Snorg
 29238 | Orc:2    | Noticed an orc warlord
 29424 | Orc:1    | Killed an orc warlord
 29424 | Orc:1    | Reached skill level 10 in Fighting
 29934 | Orc:2    | Killed Sonja
 30217 | Orc:2    | Noticed an orc warlord
 30326 | Orc:2    | Killed an orc warlord
 30353 | Orc:1    | Killed Snorg
 30353 | Orc:1    | Reached XP level 14. HP: 91/122 MP: 16/35
 30545 | Orc:2    | Found a staircase to the Elven Halls.
 31948 | Orc:2    | Reached skill level 10 in Dodging
 32358 | Orc:2    | Found Zaeps's General Store.
 32359 | Orc:2    | Found Muilila's Jewellery Shoppe.
 32362 | Orc:2    | Found Makoumm's Antique Armour Shoppe.
 32362 | Orc:2    | Found Wuphos's Antique Weapon Emporium.
 32385 | Orc:2    | Bought a steaming hat for 216 gold pieces
 32396 | Orc:2    | Identified the -1 hat of Qejar {rElec rC+} (You bought it in a shop on level 2 of the Orcish Mines)
 32440 | Orc:2    | Bought a polished leather armour for 168 gold pieces
 32452 | Orc:2    | Identified the cursed +1 leather armour of Hopscotch {rPois Regen+ Str+3 Int+4} (You bought it in a shop on level 2 of the Orcish Mines)
 32462 | Orc:2    | Bought a +3 ring of intelligence for 235 gold pieces
 32629 | Orc:2    | Learned a level 6 spell: Iron Shot
 32667 | Orc:1    | Reached skill level 1 in Earth Magic
 32826 | Orc:2    | Bought a glowing gold wand for 124 gold pieces
 32944 | D:11     | Reached skill level 2 in Earth Magic
 33241 | Lair:6   | Entered Level 6 of the Lair of Beasts
 33342 | Lair:6   | Reached skill level 3 in Earth Magic
 33396 | Lair:6   | Found a staircase to the Slime Pits.
 33708 | Lair:6   | Reached skill level 4 in Earth Magic
 34055 | Lair:6   | Reached skill level 5 in Earth Magic
 34600 | Lair:6   | Reached skill level 6 in Earth Magic
 35459 | Lair:6   | Upgraded the game from 0.19-a0-1511-g16f215b to 0.19-a0-1513-gf6d23ed
 35660 | D:11     | Killed an orc warlord
 35660 | D:11     | Reached skill level 7 in Earth Magic
 35791 | Elf:1    | Entered Level 1 of the Elven Halls
 36134 | Elf:1    | Gained mutation: Your flesh is cold resistant. (rC+) [a neqoxec]
 36135 | Elf:1    | Reached skill level 8 in Earth Magic
 36949 | Elf:1    | Reached skill level 9 in Earth Magic
 37263 | Elf:1    | Reached XP level 15. HP: 129/129 MP: 36/36
 37603 | Elf:1    | Identified the Grimoire of Necromancy
 38432 | Elf:1    | Reached skill level 10 in Earth Magic
 38839 | Elf:1    | Gained mutation: You are agile. (Dex +2) [potion of beneficial mutation]
 39264 | Elf:2    | Found a portal to a secret trove of treasure.
 39441 | Elf:2    | Found a deep blue altar of Sif Muna.
 39609 | Elf:2    | Found Siupn's Weapon Shoppe.
 39694 | Elf:2    | Found a runed gate.
 39696 | Elf:2    | Found a runed gate.
 39697 | Elf:2    | Found a runed gate.
 39901 | Elf:3    | Entered Level 3 of the Elven Halls
 40007 | Elf:2    | Learned a level 5 spell: Irradiate
 42270 | D:13     | Learned a level 3 spell: Ignite Poison
 42333 | D:14     | Reached skill level 1 in Transmutations
 42498 | D:14     | Found Zeokhl Rasu's Antique Weapon Boutique.
 43093 | D:14     | Reached XP level 16. HP: 102/141 MP: 37/39
 43433 | D:14     | Found a gate to the Vaults.
 43435 | D:14     | Reached skill level 5 in Transmutations
 43567 | D:14     | Learned a level 6 spell: Freezing Cloud
 43600 | D:15     | Entered Level 15 of the Dungeon
 43648 | D:15     | Reached skill level 1 in Ice Magic
 43721 | D:15     | Found a shattered altar of Ashenzari.
 45089 | D:15     | Found a staircase to the Depths.
 45108 | D:15     | Reached skill level 5 in Ice Magic
 45717 | Spider:1 | Entered Level 1 of the Spider Nest
 45719 | Spider:1 | Reached skill level 1 in Air Magic
 46997 | Spider:1 | Reached skill level 5 in Air Magic
 47114 | Spider:1 | Noticed Louise
 47130 | Spider:1 | Killed Louise
 48014 | Spider:2 | Noticed Aizul
 48194 | Spider:2 | Killed Aizul
 49828 | Elf:3    | Noticed a deep elf master archer
 50163 | Elf:3    | Noticed a deep elf master archer
 50168 | Elf:3    | Killed a deep elf master archer
 50168 | Elf:3    | Reached XP level 17. HP: 79/148 MP: 35/40
 51112 | Elf:3    | Noticed a deep elf blademaster
 51117 | Elf:3    | Killed a deep elf blademaster
 51466 | Elf:3    | Noticed a deep elf blademaster
 51469 | Elf:3    | Killed a deep elf blademaster
 52022 | Elf:3    | Identified the Incunabulum of the Frostbite and Displacement
 52034 | Elf:3    | Identified Jargh's Papyrus of Transmigration and Poison
 52058 | Elf:3    | Got a twisted cloak
 52080 | Elf:3    | Identified a +0 pair of boots of running (You found it on level 3 of the Elven Halls)
 52092 | Elf:3    | Identified the cursed +0 cloak of Zin's Castigation {-Tele MR+ Dex+3} (You found it on level 3 of the Elven Halls)
 52106 | Elf:3    | Got a bloodstained mace {venom}
 52111 | Elf:3    | Identified the cursed +0 mace of Brutal Revenge {venom, rF+ Int+2 Stlth+} (You took it off a deep elf annihilator on level 3 of the Elven Halls)
 52198 | Elf:3    | Learned a level 9 spell: Shatter
 52205 | Elf:3    | Learned a level 6 spell: Deflect Missiles
 53075 | Spider:2 | Noticed Arachne
 53082 | Spider:2 | Killed Arachne
 53082 | Spider:2 | Reached skill level 11 in Earth Magic
 53239 | Spider:2 | Noticed Donald
 53257 | Spider:2 | Killed Donald
 53924 | Spider:2 | You fall through a shaft!
 54106 | Spider:3 | Noticed Azrael
 54728 | Spider:3 | Killed Azrael
 54731 | Spider:3 | Noticed PeterLawrence's ghost (adept MiFi)
 55025 | Spider:3 | Reached skill level 12 in Earth Magic
 55242 | Spider:3 | Killed PeterLawrence's ghost
 55819 | Spider:3 | Identified a scroll of acquirement
 56007 | Spider:3 | Got a transparent leather armour
 56026 | Spider:3 | Identified the +1 leather armour of Courage {rN+++ MR- Int-4 Stlth+} (You found it on level 3 of the Spider Nest)
 56338 | Spider:4 | Entered Level 4 of the Spider Nest
 56552 | Spider:4 | Reached XP level 18. HP: 123/155 MP: 10/42
 56838 | Spider:4 | Reached skill level 13 in Earth Magic
 58829 | Spider:4 | Reached skill level 14 in Earth Magic
 59176 | Spider:4 | Noticed Bai Suzhen
 59393 | Spider:4 | Killed Bai Suzhen
 59806 | Spider:4 | Got a gossamer rune of Zot
 60051 | D:7      | Bought a crude quicksilver dragon armour for 1760 gold pieces
 60062 | D:7      | Identified the cursed quicksilver dragon armour of Beyond {rF+ MR+} (You bought it in a shop on level 7 of the Dungeon)
 60210 | Orc:2    | Reached skill level 15 in Spellcasting
 60439 | Shoals:1 | Entered Level 1 of the Shoals
 60695 | D:13     | Learned a level 7 spell: Spellforged Servitor
 61119 | Shoals:1 | Reached skill level 1 in Summonings
 61315 | Shoals:1 | Noticed Kirke
 61322 | Shoals:1 | Killed Kirke
 62177 | Shoals:1 | Noticed Josephine
 62187 | Shoals:1 | Killed Josephine
 62499 | Shoals:1 | Reached skill level 15 in Earth Magic
 63757 | Shoals:2 | Reached skill level 5 in Summonings
 65006 | Shoals:3 | Reached XP level 19. HP: 161/161 MP: 34/43
 66016 | Vaults:1 | Entered Level 1 of the Vaults
 66016 | Vaults:1 | Found a ruined gateway.
 66071 | Desolati | Entered the Desolation of Salt
 67118 | Vaults:1 | Found Worel's Distillery.
 67599 | Vaults:1 | Bought a potion of heal wounds for 60 gold pieces
 67948 | Vaults:1 | Found Tuiren's Antique Weapon Shop.
 68013 | Vaults:1 | Found Sygiaz's Assorted Antiques.
 68017 | Vaults:1 | Bought a polished broad axe for 324 gold pieces
 68017 | Vaults:1 | Identified the cursed +1 broad axe of Calculation {antimagic, *Rage Str+6 Int+2} (You bought it in a shop on level 1 of the Vaults)
 68085 | Vaults:1 | Found Jootang's Magic Scroll Boutique.
 68099 | Vaults:1 | Bought a transparent rapier for 207 gold pieces
 68100 | Vaults:1 | Identified the +2 rapier "Banisher" {flame, +Inv rC+ Int+7 SInv} (You bought it in a shop on level 1 of the Vaults)
 69072 | Vaults:1 | Reached skill level 16 in Earth Magic
 70722 | Vaults:1 | Found Duxteapp's Weapon Shop.
 72063 | Vaults:1 | Upgraded the game from 0.19-a0-1513-gf6d23ed to 0.19-a0-1532-g228a5d9
 72574 | Vaults:2 | Reached skill level 17 in Earth Magic
 73679 | Vaults:2 | Reached XP level 20. HP: 169/169 MP: 27/45
 74718 | Vaults:2 | Reached skill level 18 in Earth Magic
 76329 | Vaults:2 | Found a staircase to the Crypt.
 77773 | Vaults:3 | Found Liqaun's Antique Armour Shoppe.
 77790 | Vaults:3 | Bought a pair of runed gloves for 157 gold pieces
 77888 | Vaults:3 | Reached skill level 19 in Earth Magic
 79009 | Vaults:4 | Reached skill level 5 in Armour
 79056 | Vaults:4 | Got an ichor-stained halberd
 79057 | Vaults:4 | Identified the +7 halberd of Qazlal {chop, rN+ Int+4 Dex-2} (You found it on level 4 of the Vaults)
 82736 | Shoals:4 | Entered Level 4 of the Shoals
 82936 | Shoals:4 | Got a warped falchion
 82937 | Shoals:4 | Identified the +5 falchion "Tav Gol" {slice, rF+ Str-3 Int+2 Dex+5} (You found it on level 4 of the Shoals)
 82949 | Shoals:4 | Learned a level 6 spell: Haste
 83581 | Shoals:4 | Reached XP level 21. HP: 176/176 MP: 39/47
 84571 | Shoals:4 | Reached skill level 20 in Earth Magic
 84919 | Shoals:4 | Noticed Ilsuiw
 84923 | Shoals:4 | Killed Ilsuiw
 85092 | Shoals:4 | Noticed Roxanne
 85200 | Shoals:4 | Got a barnacled rune of Zot
 85310 | Shoals:4 | Noticed Polyphemus
 85319 | Shoals:4 | Killed Polyphemus
 85489 | Shoals:4 | Killed Roxanne
 86256 | Depths:1 | Entered Level 1 of the Depths
 86503 | Depths:1 | Learned a level 6 spell: Shadow Creatures
 87159 | Depths:1 | Noticed Margery
 87164 | Depths:1 | Killed Margery
 87557 | Depths:1 | Found a gateway to Hell.
 88635 | Depths:2 | Found a one-way gate leading to the halls of Pandemonium.
 88957 | Depths:2 | Reached skill level 5 in Stealth
 89788 | Depths:2 | Got an ancient hat
 89790 | Depths:2 | Identified the +0 hat of Juhofam {rCorr} (You found it on level 2 of the Depths)
 91184 | Depths:2 | Got a pitted pewter ring
 91186 | Depths:2 | Identified the ring of Attitude {Wiz rPois rF- Int+4 Dex+4} (You acquired it on level 2 of the Depths)
 91481 | Orc:2    | Bought an uncursed ring of protection from fire for 375 gold pieces
 91866 | Depths:3 | Reached skill level 1 in Shields
 92746 | Depths:3 | Reached skill level 5 in Shields
 93134 | Depths:3 | Reached XP level 22. HP: 185/185 MP: 3/49
 93297 | Depths:2 | Paralysed by a vampire knight for 5 turns
 93302 | Depths:2 | Slain by a vampire knight

Vault maps used:
D:1:      scummos_arrival_checkerplants
D:2:      ecumenical_altar_1, hangedman_decor_peaks_small, uniq_terence,
          uniq_sigmund, uniq_jessica
D:3:      first_bread, uniq_grinder, uniq_iyjb
D:4:      serial_shops, shop
D:5:      uniq_pikel
D:6:      minmay_ruined_shrine, uniq_duvessa
D:7:      serial_shops, shop_fountains, shop, nicolae_shop_crystal, shop,
          grunt_ogre_cave
D:8:      lair_0_dummy, special_room
D:11:     hangedman_cross_cluster, hiddenorc2_lemuel,
          hangedman_abyss_or_decor_passed, minivault_15, dpeg_stationary_puzzle
D:12:     uniq_maurice
D:14:     grunt_vaults_entry_fortified, serial_shops, shop
D:15:     hangedman_depths_entry_try_elsewhere_first, evilmike_ruin_ashenzari
Temple:   nicolae_temple_the_god_donut
Lair:1:   beast_lair_carwin_large_3, basic_altar,
          grunt_forest_large_clearing_hut, serial_bayou_shore_b,
          serial_bayou_shore_b, infiniplex_staircase_pool, uniq_harold,
          uniq_fannar
Lair:2:   grunt_megastairs_2
Lair:3:   elwin_shoals_entry_stream, portal_ice_cave_entry_ice_beasts,
          lemuel_old_faithful
Lair:4:   spider_nest_entry_a, lemuel_oklob_altar
Lair:5:   grunt_megastairs_4, lemuel_fruit_tree, serial_bayou_shore_a
Lair:6:   minmay_lair_end_enchanted_forest, minmay_slime_entry_jelly_boxes,
          grunt_forest_stairs_basic
Shoals:1: uniq_josephine, uniq_kirke
Shoals:2: nicolae_shoals_this_corrosion
Shoals:4: shoals_end_grunt_ice, shoals_ilsuiw_ice,
          nicolae_shoals_aquamancer_cove, uniq_ilsuiw, uniq_polyphemus,
          uniq_roxanne
Spider:1: hangedman_spider_mandibles, uniq_louise
Spider:2: guppyfry_spider_mini_2, uniq_aizul, uniq_arachne, uniq_donald
Spider:3: uniq_azrael
Spider:4: grunt_spider_rune_parallel, uniq_bai_suzhen
Orc:1:    basic_altar
Orc:2:    st_orc_congregation, serial_shops, shop, nicolae_shop_crystal,
          uniq_sonja, uniq_snorg
Elf:1:    minmay_elf_arrival_plus, minmay_elf_necromancy
Elf:2:    serial_shops, shop, basic_altar, nicolae_trove_entry_crossroad
Elf:3:    minmay_elf_hall_circle, serial_co_window_serial, co_window_paths_a,
          co_window_of_opportunity_a, co_window_paths_a, co_window_paths_a,
          co_window_paths_a, co_window_cross_2, co_window_corner_b,
          glass_columns_c, glass_columns_a, glass_columns_a
Vaults:1: st_cross, hangedman_vaults_trim, hangedman_vaults_nodes,
          nicolae_vaults_what_the_h, vaults_mumra_minichess,
          ontoclasm_vaults_tryst, ontoclasm_vaults_fault, grunt_vaults_bifocal,
          vaults_room_door_ring, vaults_dpeg_diagonal, vaults_dpeg_ring,
          nicolae_vaults_big_ls, ontoclasm_vaults_loading_screen,
          dpeg_vaults_monster_box, portal_desolation_entry_garden, serial_shops,
          shop, shop, shop, nicolae_shop_stone, shop_statue
Vaults:2: v_rooms_6, nicolae_vaults_twisting_passages, vaults_room_boxed,
          ontoclasm_vaults_ring_square, vaults_room_fours, grunt_vaults_twisty,
          nicolae_vaults_display_case, vaults_room_door_hall,
          nicolae_vaults_little_ls, minmay_crypt_entry_simple_plaza, v_misc_14
Vaults:3: vaults_dpeg_doors, ontoclasm_vaults_spin, hangedman_vaults_river_flow,
          v_misc_13, nicolae_vaults_little_squares_3, hangedman_vaults_nails,
          v_pattern_1, vaults_room_corners, nicolae_vaults_little_squares_4,
          hangedman_vaults_restitches, nicolae_vaults_theta,
          vaults_room_hangedman_quadrants, serial_shops, shop_fountains
Vaults:4: vaults_room_octagon, v_misc_1, grunt_vaults_hallway_long,
          v_alt_pattern_3, vaults_room_grid, vaults_room_corners,
          vaults_standard_mumra_x, v_misc_16, ontoclasm_vaults_hangar,
          nicolae_vaults_ninety_degrees, hangedman_vaults_nails
Depths:1: grunt_metal_band, grunt_decor_mini_mirrors, kennysheep_generic_room_5
Depths:2: ragdoll_tomb_raider, rand_demon_pan_entry_4,
          serial_sigils_hangedman_shear, pf_hell_entry_tar_spiral,
          minmay_misc_feat_columns, infiniplex_staircase_spiral_double,
          basic_stair_grate_trap
Depths:3: grunt_x_marks_the_spot, pf_coc_iceberg, hangedman_decor_points,
          grunt_pan_entry_zigzag, infiniplex_staircase_x

Skill      XL: |  1  2  3  4  5  6  7  8  9 10 11 12 13 14 15 16 17 18 19 20 21 |
---------------+----------------------------------------------------------------+-----
Conjurations   | 4 5 7 8 9 10 11 13 | 13.2
Spellcasting   | 2 3 4 5 7 9 11 12 13 14 15 16 | 16.9
Charms         | 2 4 5 |  5.8
Dodging        | 2 4 6 9 10 11 | 11.4
Armour         | 1 4 5 6 |  6.5
Fighting       | 2 5 8 10 11 12 13 | 13.3
Maces & Flails | 3 |  3.1
Earth Magic    | 9 10 12 15 17 19 20 | 20.1
Transmutations | 3 5 |  5.3
Ice Magic      | 6 |  6.3
Air Magic      | 6 |  6.2
Summonings     | 6 8 |  8.3
Stealth        | 6 |  6.0
Shields        | 5 |  5.1

Action                   |  1- 3 |  4- 6 |  7- 9 | 10-12 | 13-15 | 16-18 | 19-21 | 22-24 || total
-------------------------+-------+-------+-------+-------+-------+-------+-------+-------++-------
Melee: Club              |    11 |       |       |       |       |       |       |       ||    11
       Unarmed           |     3 |       |       |       |       |       |       |       ||     3
       Dagger            |    14 |    69 |    46 |       |       |       |       |       ||   129
       Flail             |       |       |    90 |    66 |       |       |       |       ||   156
       Dire flail        |       |       |       |   138 |   525 |    68 |       |       ||   731
       Mace              |       |       |       |       |       |   120 |    17 |       ||   137
       Rapier            |       |       |       |       |       |       |    34 |       ||    34
 Fire: Blowgun           |       |       |       |       |     6 |       |       |       ||     6
 Cast: Magic Dart        |    68 |    70 |   170 |   347 |   751 |   898 |   644 |       ||  2948
       Searing Ray       |     3 |    20 |    47 |    71 |   166 |    74 |     8 |       ||   389
       Iskenderun's Batt |       |       |    19 |    84 |   211 |   232 |   225 |       ||   771
       Iron Shot         |       |       |       |       |    30 |   172 |   435 |       ||   637
       Irradiate         |       |       |       |       |     2 |     1 |       |       ||     3
       Freezing Cloud    |       |       |       |       |       |   128 |   141 |       ||   269
       Deflect Missiles  |       |       |       |       |       |     4 |     5 |       ||     9
       Spellforged Servi |       |       |       |       |       |       |    86 |       ||    86
       Shatter           |       |       |       |       |       |       |     4 |       ||     4
 Abil: Evoke Blink       |       |       |       |       |     2 |       |       |       ||     2
       Evoke Flight      |       |       |       |       |     1 |     5 |     1 |       ||     7
Evoke: Wand              |       |       |     5 |     9 |     1 |       |     1 |       ||    16
  Use: Scroll            |       |    10 |    13 |    16 |     8 |    25 |    19 |     1 ||    92
       Potion            |       |       |       |     2 |     8 |    10 |     2 |       ||    22
 Stab: Sleeping          |     1 |       |     1 |     2 |     2 |       |       |       ||     6
       Distracted        |       |       |       |     1 |     1 |       |       |       ||     2
  Eat: Chunk             |     4 |     9 |    22 |    30 |    33 |    18 |    31 |       ||   147
       Beef jerky        |       |       |     2 |     6 |     1 |     5 |     4 |       ||    18
       Bread ration      |       |       |     1 |     1 |     5 |     7 |     4 |     1 ||    19
       Pizza             |       |       |       |     1 |       |     1 |     2 |       ||     4
       Fruit             |       |       |       |       |     8 |     2 |       |       ||    10
       Royal jelly       |       |       |       |       |     1 |     1 |     3 |       ||     5
       Meat ration       |       |       |       |       |       |     2 |     4 |       ||     6
Armor: Robe              |     9 |    18 |    32 |    88 |   104 |       |       |       ||   251
       Leather armour    |       |       |    18 |    28 |   132 |   207 |   103 |     4 ||   492
Dodge: Dodged            |    32 |    69 |   126 |   355 |  1012 |   796 |   324 |     8 ||  2722
       Deflected         |       |       |       |       |       |    28 |    83 |       ||   111
Block: Buckler           |       |       |       |       |       |       |    12 |     4 ||    16
